 Dungeon Crawl Stone Soup version 0.21.0-3-g78d12a8 (webtiles) character file.

11916 oplop the Epochal (level 11, -6/74 HPs)
             Began as an Octopode Ice Elementalist on Jan 11, 2018.
             Was an Elder of Cheibriados.
             Mangled by a blink frog (15 damage)
             ... on level 3 of the Lair of Beasts.
             The game lasted 00:42:38 (12795 turns).

oplop the Epochal (Octopode Ice Elementalist)      Turns: 12795, Time: 00:42:38

Health: -6/74      AC:  8    Str: 17    XL:     11   Next: 85%
Magic:  3/31       EV: 22    Int: 31    God:    Cheibriados [****..]
Gold:   488        SH:  0    Dex: 23    Spells: 7/24 levels left

rFire    . . .     SeeInvis .   s - -1 rapier (curse)
rCold    . . .     Gourm    .   (no shield)
rNeg     + . .     Faith    .   (helmet restricted)
rPois    .         Spirit   .   r - amulet of magic regeneration
rElec    .         Reflect  .   c - +3 ring of intelligence
rCorr    .         Harm     .   n - ring of flight
MR       .....                  v - ring of magical power
Stlth    ++++......             y - ring of positive energy
HPRegen  0.22/turn              (no ring)
MPRegen  0.47/turn              (no ring)
                                (no ring)
                                (no ring)

@: lethally poisoned (-6 -> -8), icy armour, very slow
A: almost no armour, stealthy swim, amphibious, 8 rings, constrict 8, camouflage
1, gelatinous body 1
a: Bend Time, Temporal Distortion, Slouch, Renounce Religion, Evoke Flight


You were on level 3 of the Lair of Beasts.
You worshipped Cheibriados.
Cheibriados was greatly pleased with you.
You were not hungry.

You visited 3 branches of the dungeon, and saw 18 of its levels.

You collected 488 gold pieces.

Inventory:

Hand Weapons
 s - a cursed -1 rapier (weapon)
Jewellery
 c - a +3 ring of intelligence (left tentacle)
 n - a ring of flight (right tentacle)
 r - an amulet of magic regeneration (around mantle)
 t - an uncursed ring of fire
 v - a ring of magical power (on tentacle)
 y - a ring of positive energy (on tentacle)
 z - a +2 ring of dexterity
Wands
 k - a wand of flame (57)
 l - a wand of clouds (5)
 x - a wand of acid (9)
 A - a wand of iceblast (4)
 D - a wand of paralysis (8)
Scrolls
 d - a scroll of fear
 e - 5 scrolls of teleportation
 g - 7 scrolls of identify
 h - 4 scrolls of enchant weapon
 i - 2 scrolls of remove curse
 j - a scroll of enchant armour
 p - a scroll of magic mapping
 w - a scroll of blinking
 F - a scroll of amnesia {unknown}
Potions
 f - a potion of invisibility
 o - 3 potions of lignification
 q - a potion of might
 u - a potion of heal wounds
 C - a potion of mutation {unknown}
Books
 a - a book of Frost

   Spells                             Type                      Level
   a - Freeze                         Ice                          1
   b - Throw Frost                    Conjuration/Ice              2
   c - Ozocubu's Armour               Charms/Ice                   3
   d - Throw Icicle                   Conjuration/Ice              4
   e - Summon Ice Beast               Ice/Summoning                4
 m - a book of Minor Magic

   Spells                             Type                      Level
   a - Magic Dart                     Conjuration                  1
   b - Blink                          Translocation                2
   c - Call Imp                       Summoning                    2
   d - Slow                           Hexes                        2
   e - Conjure Flame                  Conjuration/Fire             3
   f - Mephitic Cloud                 Conjuration/Poison/Air       3
 B - a book of Burglary

   Spells                             Type                      Level
   a - Swiftness                      Charms/Air                   2
   b - Passwall                       Transmutation/Earth          2
   c - Passage of Golubria            Translocation                4
   d - Lee's Rapid Deconstruction     Earth                        5
   e - Darkness                       Hexes                        6
   f - Invisibility                   Hexes                        6
Comestibles
 b - 10 rations


   Skills:
 + Level 6.5 Fighting
 * Level 9.3 Dodging
 - Level 2.6 Stealth
 + Level 7.3 Spellcasting
 + Level 5.1 Conjurations
 - Level 2.0 Summonings
 - Level 7.2 Ice Magic
 * Level 10.0 Invocations


You had 7 spell levels left.
You knew the following spells:

 Your Spells              Type           Power        Failure   Level  Hunger
a - Freeze                Ice            ####         1%          1    None
b - Ozocubu's Armour      Chrm/Ice       ####....     2%          3    None
c - Summon Ice Beast      Ice/Summ       #####...     6%          4    ##.....
d - Throw Icicle          Conj/Ice       ######..     3%          4    ##.....
e - Blink                 Tloc           N/A          6%          2    None
f - Mephitic Cloud        Conj/Pois/Air  ###.....     6%          3    None


Dungeon Overview and Level Annotations

Branches:
Dungeon (12/15)            Temple (1/1) D:6            Lair (5/6) D:11
    Orc (0/2) D:10
  Swamp: Lair:2-4    Shoals: Lair:2-4     Snake: Lair:2-4    Spider: Lair:2-4
  Slime: Lair:5-6

Altars:
Ashenzari
Cheibriados
Dithmenos
Elyvilon
Fedhas
Gozag
Hepliaklqana
Kikubaaqudgha
Makhleb
Nemelex Xobeh
Okawaru
Qazlal
Ru
Sif Muna
Trog
Uskayaw
Vehumet
Wu Jian
Xom
Yredelemnul
Zin
The Shining One

Shops:
D:6 =   D:7 (

Annotations:
D:3 Ijyb
D:5 exclusions: crimson imp, ice beast and leopard gecko
D:6 exclusion: ice beast
D:7 Joseph
D:9 zkyp's ghost, journeyman OgBe
D:11 Urug; barbarian's ghost, journeyman OpTm
D:12 Dirian's ghost, novice MiFi
Lair:1 Harold
Lair:5 exclusion: 3 oklob plants


Innate Abilities, Weirdness & Mutations

You cannot wear most types of armour.
You are very stealthy in the water. (Stealth+)
You are amphibious.
You can wear up to eight rings at the same time.
You can use your tentacles to constrict eight enemies at once.
Your skin changes colour to match your surroundings (Stealth+).
Your rubbery body absorbs attacks. (AC +1, EV +1)


Message History

The blink frog hits your ice beast but does no damage.
You closely miss the blink frog. You grab the blink frog.
The blink frog is lightly wounded.
You constrict the blink frog.
The blink frog struggles to blink free from constriction.
The blink frog blinks!
The blink frog hits you!
* * * LOW HITPOINT WARNING * * *
The blink frog blinks!
Casting: Freeze
Confirm with . or Enter, or press ? or * to list all spells.
Aiming: Freeze
Press: ? - help, Shift-Dir - straight line, f - blink frog
Aim: a blink frog You freeze the blink frog.
The blink frog is moderately wounded.
You constrict the blink frog!
You feel sick. The blink frog hits you!
* * * LOW HITPOINT WARNING * * *
The blink frog struggles to blink free from constriction.
The blink frog hits you!
You die...

........ .......
.... . .=P...
.... .. ....#
..... #.#
..P###.....
#.#..#..........
................
.......@.†......
.......FFF......
......Y§........
.....FY.........
................
................
..
................
..
................
..
.....##........
..


You could see 4 blink frogs and 2 friendly ice beasts.

Vanquished Creatures
  2 two-headed ogres (D:11)
  A black mamba (Lair:2)
  A spiny frog (Lair:2)
  3 komodo dragons
  A meliai zombie (D:11)
  5 blink frogs
  3 yaks (D:10)
  A vampire (D:12)
  An acid dragon (D:11)
  3 water moccasins
  3 orc warriors
  A porcupine (Lair:2)
  An ice beast (D:11)
  2 sky beasts
  2 phantoms
  2 ogres
  2 wolves (Lair:2)
  3 centaurs
  2 crocodiles
  A big kobold (D:12)
  4 bullfrogs
  A scorpion (D:10)
  2 wights (D:11)
  6 crimson imps
  2 howler monkeys
  3 orc priests
  2 bullfrog skeletons
  5 hounds
  5 orc wizards
  3 iguanas
  Terence (D:6)
  5 worker ants
  Robin (D:3)
  2 worker ant zombies
  10 gnolls
  9 adders
  A shadow imp (D:7)
  2 worms
  6 leopard geckos
  24 orcs
  3 ball pythons
  A giant cockroach (D:1)
  14 goblins
  8 hobgoblins
  13 jackals
  20 kobolds
  3 quokkas
  12 bats
  5 frilled lizards
  A quokka skeleton (D:4)
  5 rats
219 creatures vanquished.

Vanquished Creatures (collateral kills)
  2 two-headed ogres (D:8)
  2 elephants (Lair:3)
  Maurice (D:10)
  A komodo dragon (D:12)
  2 hippogriffs
  2 blink frogs (Lair:2)
  12 yaks
  A steam dragon (D:8)
  2 vampire mosquitoes (D:10)
  2 hungry ghosts (D:10)
  A water moccasin (D:7)
  A porcupine (Lair:3)
  A necrophage (D:11)
  An orc warrior (D:9)
  A phantom (D:9)
  An ice beast (D:8)
  2 black bears
  3 ogres
  A wolf (Lair:2)
  2 crocodiles
  A big kobold (D:4)
  2 bullfrogs
  A gnoll sergeant (D:10)
  3 wights (D:11)
  An electric eel (Lair:2)
  A howler monkey (D:8)
  2 centaur skeletons
  A bullfrog skeleton (D:12)
  2 orc wizards
  3 gnolls
  8 orcs
  14 kobolds (D:4)
  2 quokkas
82 creatures vanquished.

Vanquished Creatures (others)
  The ghost of tidbits the Sneak, an amateur FeTm of Wu Jian (D:6)
  2 fungi (Lair:2)
3 creatures vanquished.

Grand Total: 304 creatures vanquished

Notes
Turn   | Place    | Note
-------+----------+-------------------------------------------
     0 | D:1      | oplop the Octopode Ice Elementalist began the quest for the Orb.
     0 | D:1      | Reached XP level 1. HP: 11/11 MP: 3/3
   347 | D:1      | Reached XP level 2. HP: 11/18 MP: 3/5
   619 | D:1      | Reached skill level 1 in Fighting
   737 | D:1      | Reached XP level 3. HP: 17/23 MP: 3/6
  1106 | D:2      | Reached XP level 4. HP: 5/28 MP: 4/7
  1712 | D:2      | Learned a level 3 spell: Ozocubu's Armour
  2137 | D:2      | oplop: ??freeze
  2137 | D:2      | beem: freeze[1/3]: A level 1 spell found in the book of Frost that never misses its target, but only has a range of one. It ignores the target's AC, bypassing damage reduction. It also can slow cold-blooded enemies, making it useful all the way through Lair. There's some sort of semi-stun that paralyses for a fraction of a turn depending on power. 1d13 at max power. Doesn't stun in 0.17+.
  2137 | D:2      | oplop: ??freeze[2
  2137 | D:2      | oplop: ??freeze[3
  2137 | D:2      | beem: freeze[3/3]: https://www.youtube.com/watch?v=rdhRf0OCx5c&feature=youtu.be&t=45
  2137 | D:2      | oplop: ??freeze[2
  2137 | D:2      | beem: freeze[2/3]: Non-cold-resistant creatures are stunned for random2(2 + power/5) tenths of a turn; power caps at 25 for a maximum of 0.6 turns. The duration is doubled for cold-vulnerable creatures.
  2203 | D:3      | Noticed Ijyb
  2385 | D:3      | Noticed Robin
  2575 | D:3      | Reached XP level 5. HP: 30/34 MP: 9/9
  2690 | D:3      | Noticed Terence
  3272 | D:3      | Killed Robin
  3554 | D:4      | Reached skill level 5 in Ice Magic
  3749 | D:4      | Learned a level 4 spell: Summon Ice Beast
  3770 | D:4      | Reached XP level 6. HP: 38/41 MP: 7/10
  4186 | D:4      | Found a glowing silver altar of Zin.
  4186 | D:4      | Found a burning altar of Makhleb.
  4186 | D:4      | Found a deep blue altar of Sif Muna.
  4186 | D:4      | Found an iron altar of Okawaru.
  4187 | D:4      | oplop: ??squeeze
  4187 | D:4      | beem: I don't have a page labeled squeeze in my learndb.
  4205 | D:4      | Found a glowing golden altar of the Shining One.
  4205 | D:4      | Found a stormy altar of Qazlal.
  4207 | D:4      | Reached skill level 1 in Summonings
  4246 | D:4      | Found a shimmering altar of Xom.
  4934 | D:5      | Entered Level 5 of the Dungeon
  5040 | D:5      | Reached XP level 7. HP: 46/46 MP: 0/12
  5461 | D:5      | Learned a level 4 spell: Throw Icicle
  5611 | D:6      | Killed tidbits's ghost
  5649 | D:6      | Reached XP level 8. HP: 42/54 MP: 7/14
  5751 | D:6      | Killed Terence
  6018 | D:6      | Found a staircase to the Ecumenical Temple.
  6146 | D:6      | Found a radiant altar of Vehumet.
  6164 | D:6      | Found Gofahaebirr's Jewellery Shoppe.
  6304 | Temple   | Entered the Ecumenical Temple
  6389 | Temple   | Became a worshipper of Cheibriados the Contemplative
  6393 | Temple   | Learned a level 2 spell: Blink
  6472 | D:7      | Noticed a hippogriff
  6477 | D:7      | Killed a hippogriff
  6477 | D:7      | Reached skill level 1 in Invocations
  7031 | D:7      | Reached skill level 2 in Invocations
  7191 | D:7      | Found Dophucse's Weapon Emporium.
  7196 | D:7      | Noticed Joseph
  7314 | D:7      | Reached skill level 3 in Invocations
  7620 | D:8      | Noticed a two-headed ogre
  7622 | D:8      | Noticed a two-headed ogre
  7641 | D:8      | Killed a two-headed ogre
  7641 | D:8      | Reached skill level 5 in Fighting
  7641 | D:8      | Reached skill level 5 in Spellcasting
  7641 | D:8      | Reached skill level 4 in Invocations
  7641 | D:8      | Reached XP level 9. HP: 20/61 MP: 6/16
  7645 | D:8      | Killed a two-headed ogre
  7645 | D:8      | Reached skill level 5 in Invocations
  7936 | D:8      | Reached * piety under Cheibriados
  8006 | D:8      | Reached skill level 5 in Dodging
  8556 | D:9      | Reached skill level 6 in Invocations
  8727 | D:9      | Reached ** piety under Cheibriados
  8845 | D:9      | Reached XP level 10. HP: 67/67 MP: 18/18
  9000 | D:9      | Noticed zkyp's ghost (journeyman OgBe)
  9018 | D:10     | Entered Level 10 of the Dungeon
  9208 | D:10     | Found a staircase to the Orcish Mines.
  9222 | D:10     | Reached skill level 7 in Invocations
  9341 | D:10     | Reached *** piety under Cheibriados
  9918 | D:10     | Noticed Maurice
  9930 | D:10     | Killed Maurice
 10219 | D:11     | Noticed barbarian's ghost (journeyman OpTm)
 10268 | D:11     | Reached skill level 8 in Invocations
 10369 | D:12     | Reached **** piety under Cheibriados
 10659 | D:12     | Reached XP level 11. HP: 40/72 MP: 4/21
 10843 | D:12     | Noticed Dirian's ghost (novice MiFi)
 10964 | D:11     | Noticed a two-headed ogre
 10975 | D:11     | Killed a two-headed ogre
 11035 | D:11     | Reached skill level 9 in Invocations
 11099 | D:11     | Noticed Urug
 11104 | D:11     | Found a staircase to the Lair.
 11116 | D:11     | Noticed a two-headed ogre
 11124 | D:11     | Killed a two-headed ogre
 11407 | Lair:1   | Entered Level 1 of the Lair of Beasts
 11458 | Lair:1   | Noticed Harold
 12511 | Lair:3   | You fall through a shaft for 2 floors!
 12517 | Lair:5   | Learned a level 3 spell: Mephitic Cloud
 12528 | Lair:5   | Noticed an oklob plant
 12528 | Lair:5   | Noticed an oklob plant
 12529 | Lair:5   | Noticed an oklob plant
 12590 | Lair:3   | Reached skill level 5 in Conjurations
 12775 | Lair:3   | Reached skill level 10 in Invocations
 12779 | Lair:3   | Noticed a seven-headed hydra
 12795 | Lair:3   | Mangled by a blink frog

Skill      XL: |  1  2  3  4  5  6  7  8  9 10 11 |
---------------+----------------------------------+-----
Fighting       | 1 2 3 5 6 |  6.5
Ice Magic      | 4 5 6 7 |  7.2
Spellcasting   | 3 4 5 6 7 |  7.3
Summonings     | 1 2 |  2.0
Invocations    | 4 6 8 10 | 10.0
Dodging        | 4 5 7 9 |  9.3
Conjurations   | 3 5 |  5.1
Stealth        | |  2.6

Action                   |  1- 3 |  4- 6 |  7- 9 | 10-12 || total
-------------------------+-------+-------+-------+-------++-------
Melee: Unarmed           |    67 |    97 |   145 |       ||   309
       Constrict         |    21 |    33 |    31 |    44 ||   129
       Tentacles         |    11 |    14 |    29 |    51 ||   105
       Rapier            |       |       |    10 |   144 ||   154
 Cast: Freeze            |    18 |    84 |    61 |    96 ||   259
       Ozocubu's Armour  |       |    12 |    27 |    19 ||    58
       Summon Ice Beast  |       |     1 |    35 |    51 ||    87
       Throw Icicle      |       |       |    21 |    31 ||    52
       Blink             |       |       |     2 |     1 ||     3
Invok: Bend Time         |       |       |       |     3 ||     3
       Slouch            |       |       |       |     2 ||     2
  Use: Scroll            |     1 |     6 |     7 |     6 ||    20
       Potion            |       |     4 |       |       ||     4
 Stab: Sleeping          |     6 |     8 |     4 |     8 ||    26
       Distracted        |       |       |     2 |     4 ||     6
  Eat: Chunk             |     1 |    12 |     8 |     7 ||    28
       Ration            |       |     1 |     3 |     2 ||     6
Armor: Skin              |     8 |    30 |    43 |    27 ||   108
Dodge: Dodged            |    57 |   137 |   163 |   244 ||   601
